Map: Ulrena

Players

TurokAUT

  • Race: Zerg Zerg
  • League: Gold

capac - Winner!

  • Race: Terran Terran
  • League: Gold

VOD

Have the link to the VOD?

Description

Time

  • Played on: April 1, 2016, 1:57 p.m.
  • Length: 15:54
Show
View Real Time Build Order
Export as new Build Order

TurokAUT Zerg 

Build Orders: Hatch First 

Get SALT Encoding   

  12  0:06  Drone  
  13  0:24  Overlord  
  13  0:25  Overlord, Drone  
  14  0:43  Drone  
  14  0:47  Drone  
  16  0:57  Drone  
  17  1:08  Drone  
  18  1:11  Extractor  
  18  1:13  Hatchery  
  16  1:25  Spawning Pool, Drone  
  16  1:36  Drone  
  17  1:44  Drone  
  18  1:58  Drone  
  19  2:13  Queen  
  19  2:14  Spine Crawler  
  19  2:15  Zergling x4  
  22  2:19  Metabolic Boost  
  22  2:25  Zergling x2  
  22  2:41  Zergling x4  
  22  2:44  Queen  
  26  2:59  Drone  
  26  3:00  Drone x3  
  30  3:07  Drone x2  
  32  3:14  Drone  
  32  3:17  Overlord  
  30  4:04  Zergling x8  
  30  4:06  Drone x2  
  34  4:13  Drone  
  35  4:20  Drone  
  36  4:28  Queen  
  38  4:37  Evolution Chamber  
  38  4:38  Hatchery  
  36  4:39  Evolution Chamber  
  36  4:44  Drone x5  
  36  4:45  Drone x2  
  42  4:46  Roach Warren, Spore Crawler  
  42  4:47  Lair, Spore Crawler  
  42  4:49  Spine Crawler  
  38  4:53  Spore Crawler  
  37  5:08  Extractor  
  37  5:11  Drone  
  37  5:12  Drone x2  
  39  5:15  Extractor, Drone x3  
  39  5:16  Drone  
  39  5:17  Extractor  
  43  5:28  Roach  
  43  5:30  Overlord x3  
  43  5:44  Overseer  
  43  5:48  Roach  
  43  5:49  Roach x3  
  51  5:58  Zerg Missile Weapons Level 1  
  51  5:59  Zerg Ground Armor Level 1  
  51  6:03  Drone  
  52  6:05  Drone  
  53  6:21  Roach x2  
  53  6:22  Roach x2  
  61  6:34  Drone x6  
  67  6:43  Glial Reconstitution  
  67  6:47  Roach x2  
  67  6:49  Ravager x3  
  74  6:57  Overlord  
  74  7:14  Overlord x3  
  74  7:15  Queen  
  74  7:21  Drone x3  
  74  7:22  Drone  
  80  7:27  Roach  
  82  7:41  Roach x5  
  85  7:54  Roach x8  
  85  7:56  Roach  
  85  8:09  Roach x5  
  95  8:20  Roach x3  
  95  8:22  Ravager x2  
  95  8:23  Ravager x2  
  92  8:48  Roach x6  
  99  8:49  Overlord x2, Roach  
  99  8:57  Zergling x2  
  99  8:58  Zergling x10  
  73  9:42  Roach x3  
  73  9:43  Roach x9  
  92  9:54  Zerg Missile Weapons Level 2  
  92  9:56  Queen  
  92  9:59  Drone x2  
  97  10:00  Drone  
  97  10:04  Ravager  
  98  10:10  Ravager  
  99  10:15  Roach  
  99  10:16  Roach  
  99  10:18  Zergling x8  
  107  10:23  Drone  
  107  10:24  Drone x2  
  110  10:47  Drone x4  
  114  10:54  Extractor x2  
  91  11:09  Ravager  
  91  11:10  Ravager x4  
  96  11:11  Roach x2  
  96  11:17  Drone x3  
  101  11:18  Zergling x2  
  101  11:19  Zergling x16  
  101  11:20  Zergling x8  
  100  12:03  Roach  
  100  12:04  Roach x6  
  114  12:08  Drone x2  
  114  12:09  Drone x5  
  121  12:18  Spire  
  121  12:21  Infestation Pit  
  119  12:23  Roach  
  119  12:24  Overlord x4  
  121  12:48  Overlord x3  
  121  12:57  Hatchery  
  120  12:58  Hive  
  111  13:31  Mutalisk  
  111  13:32  Mutalisk x9  
  111  13:33  Mutalisk x3  
  137  13:36  Zerg Flyer Weapons Level 1  
  137  13:53  Hatchery  
  136  13:56  Mutalisk x3  
  136  14:02  Roach x4  
  150  14:22  Roach x6  
  150  14:23  Roach x4  
  112  14:49  Roach x2  
  112  14:50  Roach x5  
  100  15:08  Roach x5  
  64  15:25  Roach x3  
  64  15:26  Spine Crawler  
  64  15:28  Spine Crawler, Drone x3  
  54  15:29  Spine Crawler  
  54  15:31  Spine Crawler  
  54  15:34  Spine Crawler  
  50  15:38  Drone  
  50  15:39  Ravager x2  
  50  15:40  Ravager  
Show
View Real Time Build Order
Export as new Build Order

capac Terran - Winner!

Build Orders: MMM Bio 

Get SALT Encoding   

  12  0:01  SCV  
  13  0:13  SCV  
  14  0:18  Supply Depot  
  14  0:25  SCV  
  15  0:39  SCV  
  15  0:40  Barracks  
  16  0:45  Refinery  
  16  0:52  SCV  
  17  1:04  SCV  
  18  1:16  SCV  
  19  1:28  SCV  
  19  1:29  Reaper  
  21  1:36  Command Center  
  21  1:45  Orbital Command  
  21  2:03  Supply Depot  
  21  2:05  Marine  
  22  2:10  Factory  
  22  2:12  SCV  
  23  2:24  Barracks Reactor  
  23  2:25  SCV  
  24  2:40  SCV  
  25  2:58  Factory Tech Lab  
  25  3:03  Refinery, Orbital Command  
  25  3:04  Marine  
  25  3:05  Marine  
  27  3:11  Barracks  
  27  3:14  Starport  
  27  3:17  Bunker  
  27  3:22  Marine x2  
  29  3:37  SCV  
  29  3:46  Barracks  
  29  3:47  Siege Tank  
  32  3:49  SCV  
  32  3:53  Supply Depot  
  33  4:00  Marine x2  
  35  4:12  SCV  
  36  4:18  Marine x2  
  36  4:19  Medivac  
  40  4:24  SCV  
  40  4:28  Supply Depot  
  41  4:31  Engineering Bay  
  41  4:32  Barracks Tech Lab  
  41  4:37  SCV  
  41  4:38  SCV  
  43  4:42  Barracks Reactor  
  43  4:46  Siege Tank  
  43  4:51  Starport Reactor  
  46  4:53  SCV  
  46  4:57  SCV  
  46  4:58  Refinery  
  48  5:01  Marine x2  
  48  5:02  Marine  
  51  5:11  Supply Depot  
  51  5:14  Stimpack  
  51  5:15  SCV x2  
  51  5:19  Marine x2  
  55  5:27  Marine x3  
  58  5:30  Medivac  
  58  5:34  SCV x2  
  62  5:36  Supply Depot, Refinery  
  62  5:39  Marine x2  
  64  5:45  Medivac  
  64  5:49  SCV x2  
  68  6:00  Supply Depot  
  68  6:02  Marine x2, Siege Tank  
  68  6:03  Marine x2  
  68  6:04  Marine  
  76  6:06  SCV x2  
  78  6:21  Marine x3  
  78  6:25  Marine x2  
  83  6:27  Medivac  
  85  6:33  SCV  
  86  6:40  Supply Depot  
  86  6:46  Marine, SCV, Medivac  
  90  6:57  SCV  
  90  6:58  SCV  
  92  7:01  Command Center  
  92  7:02  Marine  
  92  7:03  Marine x2  
  92  7:04  Marine  
  96  7:24  Combat Shields  
  96  7:25  Marine  
  96  7:26  Marine x3  
  96  7:27  Marine  
  96  7:28  Terran Infantry Weapons Level 1  
  101  7:31  Supply Depot  
  82  8:05  Marine x4  
  83  8:30  Marine x3  
  83  8:31  Marine  
  72  8:44  Siege Tank  
  65  9:14  Bunker  
  59  9:24  Siege Tank  
  48  9:42  Marine x4  
  52  9:46  SCV x2  
  52  9:48  Liberator  
  52  9:49  Liberator  
  54  9:56  Siege Tank  
  54  9:58  SCV x2  
  65  10:09  Marine x3  
  65  10:10  Marine x2, SCV x2  
  72  10:15  Barracks  
  72  10:21  Barracks  
  72  10:23  Orbital Command  
  72  10:28  Marine x4, Siege Tank  
  74  10:29  Marine  
  80  10:48  Marine x2  
  80  10:49  Marine x3  
  85  10:54  Medivac x2  
  81  11:10  Marine  
  81  11:11  Marine x3  
  83  11:14  Barracks Tech Lab  
  83  11:15  Concussive Shells, Marauder  
  87  11:19  Terran Infantry Armor Level 1  
  87  11:20  Siege Tank  
  90  11:28  Marine x2  
  90  11:29  Barracks Reactor, Command Center  
  90  11:30  Supply Depot x2, Marine x2  
  89  12:01  Supply Depot  
  89  12:09  Medivac x2  
  93  12:17  Starport  
  93  12:19  Supply Depot, Armory  
  93  12:20  Engineering Bay  
  93  12:29  Supply Depot  
  93  12:45  Liberator x2  
  93  12:46  Marauder  
  93  12:47  Marauder, Marine x5  
  93  12:48  Marine  
  103  13:01  Starport Reactor  
  103  13:04  Siege Tank  
  112  13:11  Orbital Command  
  108  13:22  Marine x6  
  108  13:23  Marauder x2  
  118  13:39  Marine  
  118  13:40  Marine x5  
  124  13:42  Bunker  
  124  13:45  Marauder x2  
  124  13:47  SCV x3  
  131  13:57  Marine  
  131  13:59  SCV x2  
  107  14:48  Marine  
  107  14:49  Marine x4  
  106  14:53  Marine x2  
  106  14:54  Marine  
  103  15:06  Marine x3  
  103  15:09  Marine x2  
  103  15:11  Marine x3  
  105  15:31  Marine x4  
  105  15:32  Marine x3  
  105  15:33  Marauder  
  117  15:38  SCV x3  
Tags
 
Composition
MMM Bio
League
GoldGold
Matchup
TvZ
Add a new tag
Caveats
  • Supply blocks, unpowered buildings, or Contaminate may cause inaccurate times.
  • Supply counts are checked every 10 seconds.